[ PARTIDA AOE2 · #505438411 ]
UnrankedMalíes vs Lithuanians
Equipo del jugador · DERR
Equipo rival · VICT
[ ANÁLISIS DE REPETICIÓN · EXTRAÍDO DE LA PARTIDA GRABADA ]
Feudal
9:39
Castillos
23:11
Imperial
—
| APM promedio | 67.9 |
| APM pico | 100 |
| eAPM promedio | 22.9 |
| Aldeanos / militares | 71 / 67 |
Foco
⚔️ 38.0% · 🌾 62.0%
Cavalry Archer ×45 · Archer ×12 · Militia ×4 · Monk ×3 · Camel Scout ×3
Feudal
11:36
Castillos
21:34
Imperial
—
| APM promedio | 52.6 |
| APM pico | 83 |
| eAPM promedio | 27.2 |
| Aldeanos / militares | 103 / 57 |
Foco
⚔️ 34.2% · 🌾 65.8%
Knight ×41 · Monk ×5 · Skirmisher ×4 · Militia ×3 · Scout Cavalry ×3 · Spearman ×1
Mapa de la partida
Recursos iniciales + cada clic de construcción. Líneas = muros · curvas = relieve. ◆ oro · ⬟ piedra · ● bayas · ✦ reliquia · ◌ hueco del cierre
Tu base· ✓ Cerrada en 23:11 · 88t muro · 1 puerta(s)
Base de korn· Abierta — flanco sin cerrar
Terreno inicial suavizado · ◌ = hueco del cierre detectado · pasá el cursor para detalles
Inputs por minuto
— uel - - korn
Build order — uel
Primeras 150 de 247 acciones detectadas
| 0:01 | Crear | Villager (Male) |
| 0:02 | Crear | Villager (Male) |
| 0:02 | Crear | Villager (Male) |
| 0:02 | Construir | House |
| 0:04 | Construir | House |
| 0:14 | Crear | Villager (Male) |
| 0:15 | Crear | Villager (Male) |
| 1:24 | Crear | Villager (Male) |
| 1:25 | Crear | Villager (Male) |
| 1:53 | Construir | Lumber Camp |
| 2:00 | Crear | Villager (Male) |
| 2:27 | Crear | Villager (Male) |
| 2:54 | Crear | Villager (Male) |
| 3:01 | Crear | Villager (Male) |
| 3:49 | Crear | Villager (Male) |
| 3:50 | Construir | Palisade Wall |
| 3:51 | Construir | Palisade Wall |
| 3:53 | Construir | Palisade Wall |
| 4:01 | Construir | House |
| 4:03 | Crear | Villager (Male) |
| 4:09 | Crear | Villager (Male) |
| 4:21 | Construir | Mill |
| 4:39 | Construir | Palisade Wall |
| 4:39 | Construir | Palisade Wall |
| 4:41 | Construir | Palisade Wall |
| 4:48 | Crear | Villager (Male) |
| 5:06 | Crear | Villager (Male) |
| 5:24 | Construir | Palisade Wall |
| 5:26 | Construir | Palisade Wall |
| 5:27 | Construir | Palisade Wall |
| 5:40 | Crear | Villager (Male) |
| 5:54 | Crear | Villager (Male) |
| 5:58 | Construir | House |
| 6:29 | Construir | Mining Camp |
| 6:32 | Investigar | Loom |
| 7:05 | Construir | Palisade Wall |
| 7:06 | Construir | Palisade Wall |
| 7:28 | Construir | Barracks |
| 7:29 | Investigar | Feudal Age |
| 7:29 | Investigar | Feudal Age |
| 7:47 | Construir | Palisade Wall |
| 8:10 | Crear | Militia |
| 8:11 | Crear | Militia |
| 8:12 | Construir | Palisade Wall |
| 8:13 | Construir | Palisade Wall |
| 8:36 | Crear | Militia |
| 8:42 | Construir | House |
| 9:36 | Crear | Villager (Male) |
| 9:39 | Edad | Edad Feudal |
| 9:47 | Construir | Archery Range |
| 9:51 | Investigar | Man-at-Arms (upgrade) |
| 10:14 | Construir | Farm |
| 10:15 | Crear | Villager (Male) |
| 10:25 | Construir | House |
| 10:28 | Crear | Villager (Male) |
| 10:30 | Construir | Farm |
| 10:31 | Crear | Archer |
| 10:36 | Construir | Farm |
| 10:52 | Construir | Farm |
| 11:08 | Construir | Farm |
| 11:10 | Crear | Villager (Male) |
| 11:45 | Crear | Villager (Male) |
| 11:47 | Construir | Farm |
| 11:48 | Crear | Villager (Male) |
| 11:50 | Crear | Archer |
| 12:04 | Construir | Farm |
| 12:09 | Crear | Archer |
| 12:21 | Crear | Villager (Male) |
| 12:35 | Investigar | Double-Bit Axe |
| 12:35 | Investigar | Double-Bit Axe |
| 12:50 | Crear | Villager (Male) |
| 12:52 | Construir | Farm |
| 13:03 | Crear | Villager (Male) |
| 13:10 | Construir | Farm |
| 13:16 | Crear | Villager (Male) |
| 13:19 | Construir | Palisade Wall |
| 13:33 | Crear | Archer |
| 13:48 | Crear | Archer |
| 13:49 | Crear | Villager (Male) |
| 13:52 | Construir | House |
| 13:53 | Construir | House |
| 14:31 | Crear | Villager (Male) |
| 14:33 | Construir | Blacksmith |
| 14:42 | Crear | Militia |
| 14:45 | Construir | Palisade Wall |
| 14:59 | Crear | Villager (Male) |
| 15:03 | Investigar | Fletching |
| 15:04 | Investigar | Fletching |
| 15:07 | Crear | Archer |
| 15:14 | Crear | Villager (Male) |
| 15:30 | Investigar | Horse Collar |
| 15:30 | Investigar | Horse Collar |
| 15:43 | Construir | Palisade Wall |
| 15:49 | Construir | Palisade Wall |
| 15:51 | Crear | Villager (Male) |
| 15:52 | Construir | Palisade Wall |
| 15:57 | Construir | Palisade Wall |
| 16:04 | Construir | Palisade Wall |
| 16:10 | Crear | Archer |
| 16:24 | Crear | Archer |
| 16:28 | Crear | Villager (Male) |
| 16:43 | Construir | House |
| 16:47 | Construir | House |
| 16:51 | Crear | Archer |
| 17:01 | Construir | Palisade Wall |
| 17:02 | Construir | Palisade Wall |
| 17:03 | Construir | House |
| 17:06 | Crear | Archer |
| 17:12 | Construir | Palisade Wall |
| 17:19 | Crear | Archer |
| 17:37 | Construir | Farm |
| 17:40 | Crear | Villager (Male) |
| 18:13 | Crear | Villager (Male) |
| 18:26 | Crear | Villager (Male) |
| 18:35 | Construir | Palisade Gate |
| 18:48 | Construir | Lumber Camp |
| 19:03 | Crear | Villager (Male) |
| 19:10 | Construir | Palisade Gate |
| 19:15 | Construir | Farm |
| 19:19 | Construir | Farm |
| 19:20 | Crear | Archer |
| 19:49 | Crear | Villager (Male) |
| 19:51 | Construir | Farm |
| 20:14 | Construir | Farm |
| 20:31 | Investigar | Castle Age |
| 20:31 | Investigar | Castle Age |
| 20:37 | Construir | Archery Range |
| 21:12 | Construir | Archery Range |
| 21:16 | Investigar | Padded Archer Armor |
| 21:16 | Investigar | Padded Archer Armor |
| 21:57 | Construir | Stable |
| 22:03 | Crear | Villager (Male) |
| 22:06 | Construir | House |
| 22:11 | Construir | Palisade Wall |
| 22:56 | Construir | Farm |
| 22:58 | Crear | Villager (Male) |
| 23:11 | Edad | Edad de los Castillos |
| 23:12 | Crear | Cavalry Archer |
| 23:14 | Investigar | Bodkin Arrow |
| 23:15 | Investigar | Bow Saw |
| 23:24 | Construir | Monastery |
| 23:38 | Crear | Camel Scout |
| 23:42 | Crear | Villager (Male) |
| 23:46 | Crear | Cavalry Archer |
| 23:46 | Crear | Cavalry Archer |
| 23:59 | Crear | Monk |
| 24:13 | Crear | Camel Scout |
| 24:17 | Crear | Cavalry Archer |
| 24:45 | Crear | Cavalry Archer |
| 24:45 | Crear | Cavalry Archer |
Build order — korn
Primeras 150 de 271 acciones detectadas
| 0:00 | Crear | Villager (Male) |
| 0:01 | Crear | Villager (Male) |
| 0:01 | Crear | Villager (Male) |
| 0:02 | Construir | House |
| 0:03 | Construir | House |
| 0:15 | Crear | Villager (Male) |
| 0:25 | Crear | Villager (Male) |
| 0:44 | Crear | Villager (Male) |
| 1:37 | Crear | Villager (Male) |
| 2:13 | Crear | Villager (Male) |
| 2:27 | Crear | Villager (Male) |
| 2:37 | Construir | Barracks |
| 3:28 | Construir | House |
| 3:34 | Crear | Militia |
| 3:34 | Crear | Militia |
| 3:48 | Crear | Villager (Male) |
| 4:15 | Crear | Villager (Male) |
| 4:16 | Crear | Villager (Male) |
| 4:35 | Construir | House |
| 4:39 | Crear | Villager (Male) |
| 4:39 | Crear | Villager (Male) |
| 5:01 | Crear | Villager (Male) |
| 5:01 | Crear | Villager (Male) |
| 5:08 | Construir | Palisade Wall |
| 5:17 | Crear | Villager (Male) |
| 5:26 | Crear | Villager (Male) |
| 5:39 | Crear | Militia |
| 5:48 | Crear | Villager (Male) |
| 6:02 | Crear | Villager (Male) |
| 6:12 | Investigar | Loom |
| 6:36 | Construir | Lumber Camp |
| 6:54 | Crear | Villager (Male) |
| 7:16 | Construir | House |
| 7:24 | Crear | Villager (Male) |
| 7:27 | Investigar | Loom |
| 7:46 | Crear | Villager (Male) |
| 7:57 | Construir | Mill |
| 8:05 | Crear | Villager (Male) |
| 8:18 | Crear | Villager (Male) |
| 9:26 | Investigar | Feudal Age |
| 9:26 | Investigar | Feudal Age |
| 9:27 | Investigar | Feudal Age |
| 10:11 | Construir | Palisade Wall |
| 10:23 | Crear | Villager (Male) |
| 10:41 | Construir | House |
| 10:44 | Construir | Farm |
| 10:45 | Construir | Farm |
| 10:49 | Construir | Farm |
| 10:50 | Crear | Villager (Male) |
| 10:54 | Crear | Villager (Male) |
| 11:06 | Construir | Farm |
| 11:07 | Construir | Farm |
| 11:24 | Construir | Farm |
| 11:31 | Construir | House |
| 11:36 | Edad | Edad Feudal |
| 11:46 | Construir | Archery Range |
| 11:53 | Crear | Villager (Male) |
| 12:03 | Crear | Villager (Male) |
| 12:06 | Investigar | Double-Bit Axe |
| 12:06 | Investigar | Horse Collar |
| 12:17 | Construir | House |
| 12:41 | Crear | Skirmisher |
| 12:41 | Crear | Skirmisher |
| 12:41 | Crear | Skirmisher |
| 12:54 | Crear | Villager (Male) |
| 13:16 | Crear | Villager (Male) |
| 13:24 | Construir | House |
| 13:31 | Crear | Villager (Male) |
| 13:33 | Crear | Villager (Male) |
| 13:36 | Crear | Villager (Male) |
| 13:45 | Construir | Blacksmith |
| 13:47 | Crear | Villager (Male) |
| 13:52 | Crear | Villager (Male) |
| 13:57 | Crear | Villager (Male) |
| 14:07 | Construir | Farm |
| 14:14 | Crear | Villager (Male) |
| 14:34 | Investigar | Fletching |
| 14:38 | Construir | Farm |
| 14:44 | Construir | Farm |
| 14:51 | Crear | Villager (Male) |
| 14:55 | Construir | Farm |
| 14:58 | Construir | House |
| 14:58 | Construir | House |
| 15:03 | Construir | Palisade Wall |
| 15:14 | Construir | Farm |
| 15:23 | Crear | Villager (Male) |
| 15:30 | Construir | House |
| 15:38 | Investigar | Man-at-Arms (upgrade) |
| 15:49 | Construir | House |
| 15:58 | Construir | Mining Camp |
| 16:13 | Crear | Villager (Male) |
| 16:19 | Construir | House |
| 16:30 | Crear | Villager (Male) |
| 16:55 | Crear | Villager (Male) |
| 17:02 | Construir | Lumber Camp |
| 17:25 | Crear | Villager (Male) |
| 17:42 | Construir | Watch Tower |
| 17:45 | Crear | Skirmisher |
| 18:00 | Crear | Villager (Male) |
| 18:18 | Crear | Villager (Male) |
| 18:19 | Crear | Villager (Male) |
| 18:25 | Crear | Villager (Male) |
| 18:28 | Crear | Villager (Male) |
| 18:40 | Crear | Villager (Male) |
| 18:53 | Construir | House |
| 18:54 | Investigar | Castle Age |
| 18:54 | Investigar | Castle Age |
| 19:16 | Construir | Stable |
| 19:25 | Crear | Villager (Male) |
| 19:30 | Construir | House |
| 19:35 | Construir | Stone Wall |
| 19:39 | Crear | Villager (Male) |
| 19:47 | Construir | Stable |
| 19:55 | Construir | Mill |
| 19:56 | Construir | Farm |
| 19:56 | Construir | Farm |
| 19:56 | Construir | Farm |
| 19:57 | Construir | Farm |
| 20:07 | Construir | Farm |
| 20:10 | Crear | Villager (Male) |
| 20:14 | Crear | Villager (Male) |
| 20:20 | Crear | Villager (Male) |
| 20:29 | Construir | Farm |
| 20:31 | Construir | Farm |
| 20:47 | Construir | Stone Wall |
| 20:55 | Investigar | Forging |
| 21:04 | Construir | House |
| 21:10 | Investigar | Gold Mining |
| 21:14 | Construir | Farm |
| 21:15 | Crear | Villager (Male) |
| 21:19 | Investigar | Bloodlines |
| 21:32 | Crear | Villager (Male) |
| 21:34 | Edad | Edad de los Castillos |
| 21:40 | Crear | Villager (Male) |
| 21:43 | Crear | Knight |
| 21:43 | Crear | Knight |
| 21:47 | Crear | Villager (Male) |
| 21:53 | Crear | Villager (Male) |
| 21:56 | Construir | Market |
| 22:05 | Construir | Farm |
| 22:09 | Crear | Knight |
| 22:09 | Crear | Knight |
| 22:14 | Construir | Farm |
| 22:15 | Crear | Villager (Male) |
| 22:20 | Crear | Knight |
| 22:28 | Construir | Farm |
| 22:28 | Crear | Villager (Male) |
| 22:37 | Crear | Villager (Male) |
| 22:49 | Investigar | Husbandry |
| 22:50 | Crear | Villager (Male) |
Cronología de la partida
| 2:37 | korn · first_building Barracks |
| 3:50 | uel · wall_segment Palisade Wall x1 |
| 3:51 | uel · wall_segment Palisade Wall x1 |
| 3:53 | uel · wall_segment Palisade Wall x1 |
| 4:39 | uel · wall_segment Palisade Wall x1 |
| 4:39 | uel · wall_segment Palisade Wall x1 |
| 4:41 | uel · wall_segment Palisade Wall x1 |
| 5:08 | korn · wall_segment Palisade Wall x5 |
| 5:24 | uel · wall_segment Palisade Wall x1 |
| 5:26 | uel · wall_segment Palisade Wall x1 |
| 5:27 | uel · wall_segment Palisade Wall x1 |
| 7:05 | uel · wall_segment Palisade Wall x1 |
| 7:06 | uel · wall_segment Palisade Wall x1 |
| 7:28 | uel · first_building Barracks |
| 7:47 | uel · wall_segment Palisade Wall x1 |
| 8:12 | uel · wall_segment Palisade Wall x1 |
| 8:13 | uel · wall_segment Palisade Wall x1 |
| 9:39 | uel · age_up feudal |
| 9:47 | uel · first_building Archery Range |
| 10:11 | korn · wall_segment Palisade Wall x1 |
| 11:36 | korn · age_up feudal |
| 11:46 | korn · first_building Archery Range |
| 13:19 | uel · wall_segment Palisade Wall x8 |
| 14:45 | uel · wall_segment Palisade Wall x8 |
| 15:03 | korn · wall_segment Palisade Wall x7 |
| 15:43 | uel · wall_segment Palisade Wall x14 |
| 15:49 | uel · wall_segment Palisade Wall x7 |
| 15:52 | uel · wall_segment Palisade Wall x11 |
| 15:57 | uel · wall_segment Palisade Wall x17 |
| 16:04 | uel · wall_segment Palisade Wall x8 |
| 17:01 | uel · wall_segment Palisade Wall x1 |
| 17:02 | uel · wall_segment Palisade Wall x1 |
| 17:12 | uel · wall_segment Palisade Wall x1 |
| 19:16 | korn · first_building Stable |
| 19:35 | korn · wall_segment Stone Wall x1 |
| 20:47 | korn · wall_segment Stone Wall x15 |
| 21:34 | korn · age_up castle |
| 21:57 | uel · first_building Stable |
| 22:11 | uel · wall_segment Palisade Wall x1 |
| 22:48 | korn · first_market_buy 100 food |
| 22:55 | korn · first_building Monastery |
| 23:11 | uel · age_up castle |
| 23:24 | uel · first_building Monastery |
| 25:47 | korn · first_market_sell 100 wood |
| 29:42 | uel · first_market_sell 100 wood |
| 34:03 | uel · resign |
[ ANÁLISIS IA · 1 CRÉDITO ]
¿Qué pasó realmente en esta partida?
Wolo.gg analiza cada decisión: build order, eco, micro, errores típicos por bracket. Análisis personalizado por WhatsApp o Discord en 30 segundos.
Guía civ
Malíes
Perfil
Jugador #9754373